 Dungeon Crawl Stone Soup version 0.23.2-33-g5129a83184 (webtiles) character file.

Game seed: 5275071436215846032

326 DildoBatman the Conjurer (level 6, -26/41 HPs)
             Began as a Formicid Wizard on Aug 9, 2019.
             Killed by the malice of Vehumet (27 damage)
             ... on level 3 of the Dungeon.
             The game lasted 00:14:00 (4709 turns).

DildoBatman the Conjurer (Formicid Wizard)          Turns: 4709, Time: 00:14:00

Health: -26/41     AC:  3    Str: 12    XL:     6   Next: 78%
Magic:  2/10       EV: 12    Int: 19    God:
Gold:   103        SH:  0    Dex:  9    Spells: 4/11 levels left

rFire    . . .     SeeInvis +   a - +2 halberd (venom)
rCold    . . .     Gourm    .   (no shield)
rNeg     . . .     Faith    .   m - +0 robe
rPois    .         Spirit   .   (helmet unavailable)
rElec    .         Reflect  .   q - scarf {cloud immunity}
rCorr    .         Harm     .   (no gloves)
MR       .....                  h - +0 pair of boots
Stlth    ++........             (no amulet)
HPRegen  0.13/turn              b - ring of teleportation (curse)
MPRegen  0.12/turn              (no ring)

@: very slightly contaminated
A: permanent stasis, dig shafts and tunnels, four strong arms, antennae 3
a: Dig, Shaft Self


You were on level 3 of the Dungeon.
You were very hungry.

You visited 1 branch of the dungeon, and saw 3 of its levels.
You also visited: Sewer.

You collected 103 gold pieces.

Inventory:

Hand Weapons
 a - a +2 halberd of venom (weapon)
Missiles
 d - 93 stones (quivered)
 f - 50 bolts
 i - 18 sling bullets
 t - 6 javelins
Armour
 h - a +0 pair of boots (worn)
 m - a +0 robe (worn)
 q - a scarf of cloud immunity (worn)
Jewellery
 b - a cursed ring of teleportation (left hand)
Scrolls
 e - a scroll of fog {unknown}
 j - 2 scrolls of enchant armour
 l - a scroll of enchant weapon {unknown}
 x - 3 scrolls of remove curse
 z - a scroll of identify
Potions
 k - 2 potions of magic
 n - 2 potions of curing
 o - 2 potions of agility {unknown}
 r - a potion of ambrosia {unknown}
 s - a potion of haste {unknown}
 u - a potion of flight
Comestibles
 v - 7 rations


   Skills:
 - Level 1.7 Dodging
 - Level 2.4 Stealth
 - Level 3.2 Spellcasting
 * Level 5.8 Conjurations
   Level 1.0 Summonings
   Level 0.8 Translocations


You had 4 spell levels left.
You knew the following spells:

 Your Spells              Type           Power        Failure   Level  Hunger
a - Conjure Flame         Conj/Fire      ##......     13%         3    ###....
c - Magic Dart            Conj           ####         1%          1    None
e - Mephitic Cloud        Conj/Pois/Air  ##......     21%         3    ###....

Your spell library contained the following spells:

 Spells                   Type           Power        Failure   Level  Hunger
 Call Imp                 Summ           #.......     16%         2    ##.....
 Slow                     Hex            #.......     22%         2    ##.....
 Irradiate                Conj/Tmut      ##........   77%         5    ######.
 Hydra Form               Tmut           #.........   100%        6    #######
 Statue Form              Tmut/Erth      #........    100%        6    #######
 Dragon Form              Tmut           #.........   100%        7    #######
 Blink                    Tloc           Unusable     N/A         2    N/A

Dungeon Overview and Level Annotations

Branches:
Dungeon (3/15)

Altars:
Vehumet

Annotations:
D:3 exclusion: worm, Terence


Innate Abilities, Weirdness & Mutations

You cannot be hasted, slowed, berserked, paralysed or teleported.
You can dig through walls and to a lower floor.
Your four strong arms can wield two-handed weapons with a shield.
You have a pair of large antennae on your head. (SInv)


Message History

The frilled lizard bites you.
Casting: Mephitic Cloud (safe; 21% risk of failure)
Confirm with . or Enter, or press ? or * to list all spells.
Aiming: Magic Dart (safe; 1% risk of failure)
Press: ? - help, Shift-Dir - straight line, f - frilled lizard
Aim: a frilled lizard The magic dart hits the frilled lizard.
You kill the frilled lizard!
You feel sick.
You are no longer poisoned.
Casting: Magic Dart (safe; 1% risk of failure)
Confirm with . or Enter, or press ? or * to list all spells.
Aiming: Magic Dart (safe; 1% risk of failure)
Press: ? - help, Shift-Dir - straight line, f - goblin
Aim: a goblin Vehumet does not allow the disloyal to dabble in destruction!
There is a sudden explosion of magical energy!
The explosion engulfs you!!
Ouch! That really hurt!
You die...

#....##...........##..
#....##...............
#....##....#..##......
#....##.....).###.....
#....#.....#..# #.....
#..........##.# ######
#....##....##.# #
#...)##....##.# ##
#....@..#####.# #.
#...)....# #.# ##.
#..........# #.## #..
#....g.....# #..## #.#
#......(...# ##..# ##.#
#..........# ##.###..#
#...<......# #..##.##
##.........######.##.##
#.....................


You could see a goblin.

Vanquished Creatures
  2 merfolk sirens (Sewer)
  A merfolk avatar (Sewer)
  4 gnolls (D:2)
  7 adders
  4 river rats (Sewer)
  An ooze (D:2)
  An adder zombie (D:3)
  4 worms
  2 dart slugs (D:2)
  3 leopard geckos
  6 giant cockroaches
  5 goblins
  11 hobgoblins
  6 jackals (D:2)
  8 kobolds
  7 ball pythons
  4 bats
  11 frilled lizards
  25 rats
112 creatures vanquished.

Notes
Turn   | Place    | Note
-------+----------+-------------------------------------------
     0 | D:1      | DildoBatman the Formicid Wizard began the quest for the
                  | Orb.
     0 | D:1      | Reached XP level 1. HP: 13/13 MP: 4/4
    47 | D:1      | Reached skill level 1 in Conjurations
   207 | D:1      | Reached XP level 2. HP: 19/19 MP: 3/6
   307 | D:1      | Reached skill level 2 in Conjurations
   790 | D:1      | Reached XP level 3. HP: 24/24 MP: 5/7
   795 | D:1      | Learned a level 3 spell: Conjure Flame
   799 | D:1      | Learned a level 3 spell: Mephitic Cloud
  1241 | D:2      | Reached skill level 3 in Conjurations
  1451 | D:2      | Reached XP level 4. HP: 30/30 MP: 0/8
  1832 | D:2      | Found a faded altar of an unknown god.
  1870 | D:2      | Became a worshipper of Vehumet
  1870 | D:2      | Reached * piety under Vehumet
  1870 | D:2      | Offered knowledge of Freeze by Vehumet.
  1964 | D:2      | Fell from the grace of Vehumet
  2346 | D:2      | Reached skill level 4 in Conjurations
  2346 | D:2      | Reached XP level 5. HP: 35/35 MP: 1/9
  3037 | D:3      | Found a glowing drain.
  3280 | Sewer    | Entered a sewer
  3915 | Sewer    | Reached skill level 5 in Conjurations
  3915 | Sewer    | Reached XP level 6. HP: 41/41 MP: 4/10
  4640 | D:3      | Noticed Terence
  4705 | D:3      | HP: 2/41 [frilled lizard (1)]
  4709 | D:3      | Killed by the malice of Vehumet

Skill      XL: |  1  2  3  4  5 |
---------------+----------------+-----
Conjurations   | 1 2 3 4 5 |  5.8
Dodging        | |  1.7
Stealth        | |  2.4
Spellcasting   | |  3.2
Summonings     | |  1.0
Translocations | |  0.8

Action                   |  1- 3 |  4- 6 || total
-------------------------+-------+-------++-------
Melee: Club              |     6 |       ||     6
       Short sword       |     6 |     3 ||     9
       Halberd           |       |   142 ||   142
Throw: Stone             |     4 |       ||     4
 Cast: Magic Dart        |    79 |    79 ||   158
       Conjure Flame     |       |     5 ||     5
       Mephitic Cloud    |       |     7 ||     7
Invok: Renounce Religion |       |     1 ||     1
 Abil: Dig               |     2 |     9 ||    11
  Use: Scroll            |       |     4 ||     4
       Potion            |       |     3 ||     3
 Stab: Confused          |       |     1 ||     1
  Eat: Chunk             |     2 |    12 ||    14
Armor: Robe              |    12 |    34 ||    46
Dodge: Dodged            |    30 |    98 ||   128
